 Dungeon Crawl Stone Soup version 0.29.1-13-g9f3cf754e1 (webtiles) character file.

Game seed: 13858455357876378484

39424 kingofthe the Protected (level 13, -18/111 HPs)
             Began as a Minotaur Fighter on Jan 22, 2023.
             Was an Elder of Hepliaklqana.
             Killed from afar by an ogre mage (22 damage)
             ... with a bolt of magma
             ... on level 1 of the Orcish Mines.
             The game lasted 01:08:16 (18707 turns).

kingofthe the Protected (Minotaur Fighter)         Turns: 18707, Time: 01:08:16

Health: -18/111    AC: 37    Str: 19    XL:     13   Next: 69%
Magic:  12/12      EV:  8    Int:  5    God:    Hepliaklqana [****..]
Gold:   1589       SH: 13    Dex: 16    Spells: 12/12 levels left

rFire   + . .      SeeInvis .   a - +3 demon whip (venom)
rCold   + . .      Faith    .   h - +6 buckler of Poraphykk {rElec rF+ Regen+ Str-5 Dex+4}
rNeg    + . .      Spirit   .   u - +3 crystal plate armour {rC+}
rPois   .          Reflect  .   I - +1 hat
rElec   +          Harm     .   V - +2 cloak {Stlth+}
rCorr   .          Rampage  .   U - +1 pair of gloves
Will    .....                   (no boots)
Stlth   ..........              (no amulet)
HPRegen 1.08/turn               e - +4 ring of protection
MPRegen 0.13/turn               w - ring of positive energy

@: unable to drink
A: reduced essence, horns 2, retaliatory headbutt, mutation resistance 1,
inability to drink after injury 1
a: Renounce Religion, Recall Ancestor, Ancestor Identity, Transference, Idealise


You were on level 1 of the Orcish Mines.
You worshipped Hepliaklqana.
Hepliaklqana was greatly pleased with you.
You visited 3 branches of the dungeon, and saw 18 of its levels.
You also visited: Ice Cave.

You collected 1625 gold pieces.
You spent 36 gold pieces at shops.

Inventory:

Hand Weapons
 a - a +3 demon whip of venom (weapon)
 b - a +3 short sword of electrocution
 q - a +3 hand axe
 B - a +2 spear of pain
 D - a +4 scimitar of flaming
 P - a +0 spear of protection
 Q - a +3 great sword
 R - a +1 vorpal shortbow
 S - the +4 falchion of the Demagogue {drain, Fragile Will+ Int+7}
   (You found it on level 1 of the Orcish Mines)

   A truly terrible weapon, it drains the life of any living foe it strikes.
   Int:       It affects your intelligence (+7).
   Fragile:   It will be destroyed if unequipped.
   Will:      It increases your willpower.
 W - a +2 vampiric halberd
 Y - a +4 battleaxe of freezing
Armour
 h - the +6 buckler of Poraphykk (worn) {rElec rF+ Regen+ Str-5 Dex+4}
   (You acquired it on level 9 of the Dungeon)

   Str:       It affects your strength (-5).
   Dex:       It affects your dexterity (+4).
   rF:        It protects you from fire.
   rElec:     It insulates you from electricity.
   Regen:     It increases your rate of health regeneration.
 i - a +3 leather armour of fire resistance
 p - a +0 leather armour of poison resistance
 u - a +3 crystal plate armour of cold resistance (worn)
 x - the +0 leather armour "Jaczacve" {Rampage Dex+3}
   (You found it on level 4 of the Dungeon)

   Dex:       It affects your dexterity (+3).
   Rampage:   It bestows one free step when moving towards enemies.
 G - a +2 buckler of protection
 H - the +3 buckler of Forking Paths {rC+}
   (You took it off an orc on level 1 of the Orcish Mines)

   rC:        It protects you from cold.
 I - a +1 hat (worn)
 J - a +0 scale mail of willpower
 U - a +1 pair of gloves (worn)
 V - a +2 cloak of stealth (worn)
 Z - a scarf of invisibility
Jewellery
 e - a +4 ring of protection (left hand)
 w - a ring of positive energy (right hand)
 C - a ring of flight
 F - a ring of protection from cold
 L - a ring of ice
Wands
 c - a wand of acid (6)
 f - a wand of paralysis (6)
 y - a wand of digging (2)
 z - a wand of iceblast (18)
 O - a wand of mindburst (2)
 X - a wand of flame (38)
Scrolls
 r - 12 scrolls of identify
 A - 7 scrolls of teleportation
 K - 2 scrolls of blinking
 M - a scroll of poison
 T - a scroll of brand weapon
Potions
 d - 3 potions of might
 g - 2 potions of cancellation
 j - 2 potions of lignification {unknown}
 k - 3 potions of brilliance
 l - 4 potions of curing
 m - 2 potions of berserk rage {unknown}
 n - 2 potions of haste {unknown}
 o - 3 potions of invisibility
 s - a potion of flight
 t - 5 potions of heal wounds
 v - 2 potions of ambrosia
Miscellaneous
 E - a piece from Xom's chessboard (15/15)
 N - a phantom mirror


   Skills:
 + Level 14.2 Fighting
 - Level 6.5 Short Blades
 + Level 11.0 Maces & Flails
 - Level 3.0 Polearms
 + Level 14.2 Armour
 + Level 12.5 Dodging
 - Level 10.0 Shields


You had 12 spell levels left.
You didn't know any spells.
Your spell library contained the following spells:

 Spells                   Type           Power      Damage    Failure   Level
 Sting                    Tmut/Pois      0%         1d3       100%        1
 Ensorcelled Hibernation  Hex/Ice        0%         N/A       100%        2
 Poisonous Vapours        Pois/Air       0%         N/A       100%        2
 Ignite Poison            Fire/Tmut/Pois 0%         N/A       100%        3
 Mephitic Cloud           Conj/Pois/Air  0%         N/A       100%        3
 Ozocubu's Armour         Ice            0%         N/A       100%        3
 Spider Form              Tmut/Pois      0%         N/A       100%        3
 Anguish                  Hex/Necr       0%         N/A       100%        4
 Iskenderun's Mystic Bla  Conj/Tloc      0%         2d3       100%        4
 Olgreb's Toxic Radiance  Pois           0%         N/A       100%        4
 Blade Hands              Tmut           0%         N/A       100%        5
 Freezing Cloud           Conj/Ice/Air   0%         6-21      100%        5
 Irradiate                Conj/Tmut      0%         3d11      100%        5
 Dragon Form              Tmut           0%         N/A       100%        7
 Ozocubu's Refrigeration  Ice            0%         4d7       100%        7
 Spellforged Servitor     Conj/Summ      0%         N/A       100%        7


Dungeon Overview and Level Annotations

Branches:
Dungeon (15/15)            Temple (1/1) D:5            Lair (0/5) D:9
    Orc (2/2) D:12          IceCv (visited)
    Elf: Orc:2       Vaults: D:13-14     Depths: D:15

Altars:
Ashenzari
Cheibriados
Dithmenos
Elyvilon
Fedhas
Gozag
Hepliaklqana
Kikubaaqudgha
Makhleb
Nemelex Xobeh
Okawaru
Qazlal
Ru
Sif Muna
Trog
Uskayaw
Vehumet
Wu Jian
Xom
Yredelemnul
Zin
The Shining One

Shops:
D:13 ?   D:15 [   Orc:2 [?

Portals:
Trove: D:10 (give 14 potions of heal wounds)

Annotations:
D:7 1 runed translucent door, exclusion: door, stormannn's ghost, novice GnCA
Orc:1 Rupert


Innate Abilities, Weirdness & Mutations

Your life essence is reduced to manifest your ancestor. (-10% HP)
You have a pair of horns on your head.
You reflexively headbutt those who attack you in melee.
You are somewhat resistant to further mutation.
You occasionally lose the ability to drink potions when taking damage.


Message History

Rupert is severely wounded.
Rupert hits you with a +0 battleaxe of flaming!
Rupert burns you.
You whack Rupert! You headbutt Rupert!
Rupert is severely wounded.
You block Rupert's attack. You block something's attack.
You whack the ogre!
The ogre is moderately wounded.
Rupert hits you with a +0 battleaxe of flaming!
Rupert burns you. The ogre hits you but does no damage.
You whack the ogre!
The ogre looks as sick as possible!
The ogre is almost dead.
You kill the ogre!
Rupert hits you but does no damage. Rupert attacks as you move away!
You block Rupert's attack.
Things that are here:
a +0 giant club; an ogre corpse You barely miss Rupert.
Rupert is severely wounded.
You block Rupert's attack. Something hits you but does no damage.
You whack Rupert!
Rupert looks as sick as possible!
Rupert is almost dead.
Rupert hits you with a +0 battleaxe of flaming!!
* * * LOW HITPOINT WARNING * * *
You barely miss Rupert. Your headbutt misses Rupert.
Rupert is almost dead.
You block Rupert's attack.
You whack something! You headbutt something.
Something hits you but does no damage.
You whack something! You block Rupert's attack.
You barely miss something. You headbutt something.
Rupert hits you with a +0 battleaxe of flaming!
* * * LOW HITPOINT WARNING * * *
Rupert burns you.
* * * LOW HITPOINT WARNING * * *
You hear some strange, mumbled words.
A bolt of magma appears from out of thin air!
The bolt of magma hits you!! You partially resist.
You feel threatened and lose the ability to drink potions!
You die...

....[[[[[.....########...........
................## ##............
.................###.............
#.................##.............
...........>.....................
#............#.....#.............
............#....................
.#..............#@...............
.......#.......#@{.......#.......
.#...............>[.....#........
#################..#...#.........
...#.......#||R.#................
...'.......####'#................
.).#............#...............#
####............#...#..........##
...........#....#..........#..##
..........##....#......#...#.##


You could see Rupert (berserk, extremely poisoned, drained).

Vanquished Creatures
  2 orc warlords (Orc:1)
  Azrael (D:13)
  An ettin (Orc:2)
  2 boulder beetles
  An ogre mage (D:13)
  3 centaur warriors
  Erica (D:9)
  3 two-headed ogres
  2 tengu warriors (D:13)
  A death knight (D:12)
  Nergalle (D:10)
  Amaemon (D:8)
  2 bog bodies (IceCv)
  2 orc knights (Orc:1)
  3 deep elf pyromancers (D:13)
  An orc sorcerer (Orc:1)
  An ugly thing (D:11)
  2 cyclopes (D:12)
  2 manticores (D:12)
  Joseph (D:7)
  Maurice (D:8)
  An ice statue (IceCv)
  An orange demon (D:8)
  Psyche (D:8)
  2 kobold demonologists (D:10)
  A komodo dragon (D:9)
  A tengu conjurer (D:13)
  An anaconda simulacrum (IceCv)
  8 trolls
  2 slime creatures (D:12)
  Sigmund (D:5)
  A wraith (D:11)
  A shadow (D:11)
  18 yaks
  2 fire elementals (D:13)
  A dire elephant simulacrum (IceCv)
  A wyvern (D:9)
  3 basilisks
  2 steam dragons
  4 vampire mosquitoes
  4 death yak simulacra (IceCv)
  Menkaure (D:4)
  4 wargs
  A harpy simulacrum (IceCv)
  2 acid dragons
  2 water moccasins
  Duvessa (D:5)
  2 hell hounds (D:13)
  A hydra simulacrum (IceCv)
  2 ice beasts (D:6)
  20 orc warriors
  6 ogres
  3 phantoms
  9 centaurs
  2 bullfrogs
  7 kobold brigands
  2 necrophages
  3 two-headed ogre simulacra (IceCv)
  A gnoll sergeant (D:10)
  3 scorpions
  A cane toad simulacrum (IceCv)
  12 wights
  Dowan (D:5)
  11 killer bees
  An elephant simulacrum (IceCv)
  A howler monkey (D:6)
  3 lava snakes (D:12)
  A jelly (D:6)
  7 orc priests
  2 gnoll boudas
  8 hounds
  3 iguanas
  10 orc wizards
  3 troll simulacra (IceCv)
  4 spriggan simulacra (IceCv)
  3 wolf simulacra (IceCv)
  2 human simulacra (D:10)
  17 gnolls
  4 naga simulacra (IceCv)
  8 adders
  A shadow imp (D:5)
  10 white imps
  7 ufetubi
  2 worms
  4 dart slugs
  47 orcs
  4 ball pythons
  8 endoplasms
  5 giant cockroaches
  13 hobgoblins
  4 jackals (D:5)
  24 kobolds
  6 quokkas
  10 bats
  5 frilled lizards
  13 goblins
  7 rats
434 creatures vanquished.

Vanquished Creatures (collateral kills)
  An ettin (Orc:2)
  A two-headed ogre (Orc:2)
  A tengu warrior (D:13)
  An ugly thing (D:13)
  An unseen horror (D:9)
  A slime creature (D:12)
  A yak (D:11)
  A death yak simulacrum (IceCv)
  An acid dragon (D:12)
  An orc warrior (Orc:1)
  A centaur (D:15)
  2 wights (D:9)
  5 orc wizards
  A gnoll (D:10)
  A naga simulacrum (IceCv)
  An ufetubus (IceCv)
  7 orcs
  2 kobolds
30 creatures vanquished.

Vanquished Creatures (others)
  A hell hound (D:13)
  9 hexers
  3 ancestors
  A kobold (D:9)
  3 plants
17 creatures vanquished.

Grand Total: 481 creatures vanquished

Notes
Turn   | Place    | Note
-------+----------+-------------------------------------------
     0 | D:1      | kingofthe the Minotaur Fighter began the quest for the Orb.
     0 | D:1      | Reached XP level 1. HP: 19/19 MP: 0/0
   176 | D:1      | Reached XP level 2. HP: 27/27 MP: 1/1
   715 | D:1      | Found a faded altar of an unknown god.
   902 | D:1      | Reached XP level 3. HP: 31/33 MP: 2/2
  1520 | D:2      | Found a snail-covered altar of Cheibriados.
  1629 | D:2      | Reached skill level 1 in Dodging
  1663 | D:2      | Reached XP level 4. HP: 41/41 MP: 3/3
  1943 | D:2      | Reached XP level 5. HP: 24/47 MP: 4/4
  2976 | D:4      | Reached skill level 5 in Fighting
  2976 | D:4      | Reached skill level 5 in Armour
  2976 | D:4      | Reached skill level 5 in Shields
  3007 | D:4      | Noticed Menkaure
  3369 | D:4      | Reached XP level 6. HP: 48/56 MP: 5/5
  3374 | D:4      | Identified the +0 leather armour "Jaczacve" {Rampage Dex+3}
  3495 | D:4      | Killed Menkaure
  3814 | D:5      | Entered Level 5 of the Dungeon
  3839 | D:5      | Reached XP level 7. HP: 54/62 MP: 6/6
  4090 | D:5      | Noticed Sigmund
  4106 | D:5      | Killed Sigmund
  4107 | D:5      | Reached skill level 1 in Short Blades
  4247 | D:5      | Noticed Duvessa
  4249 | D:5      | Noticed a steam dragon
  4251 | D:5      | Noticed Dowan
  4514 | D:5      | Found a glowing silver altar of Zin.
  4602 | D:5      | Killed Duvessa
  4663 | D:5      | Found a staircase to the Ecumenical Temple.
  4669 | Temple   | Entered the Ecumenical Temple
  5126 | D:5      | Noticed a troll
  5135 | D:5      | Killed a troll
  5136 | D:5      | Reached XP level 8. HP: 40/71 MP: 7/7
  5305 | D:5      | Killed Dowan
  5563 | D:5      | Reached skill level 5 in Dodging
  6291 | D:6      | Reached XP level 9. HP: 61/79 MP: 8/8
  7780 | D:7      | Noticed Joseph
  7800 | D:7      | Killed Joseph
  7801 | D:7      | Reached skill level 5 in Short Blades
  8329 | D:7      | Found a runed translucent door.
  8330 | D:7      | Noticed stormannn's ghost (novice GnCA)
  9102 | D:8      | Reached XP level 10. HP: 89/90 MP: 9/9
  9127 | D:8      | Noticed Maurice
  9148 | D:8      | Killed Maurice
  9493 | D:8      | Noticed Psyche
  9503 | D:8      | Killed Psyche
  9610 | D:8      | Found a radiant altar of Vehumet.
  9610 | D:8      | Found a hazy altar of Hepliaklqana.
  9678 | D:8      | Became a worshipper of Hepliaklqana the Forgotten
  9713 | D:8      | Noticed Amaemon
  9718 | D:8      | Noticed an orange demon
  9733 | D:8      | Killed Amaemon
  9743 | D:8      | Killed an orange demon
 10255 | D:8      | Reached skill level 1 in Maces & Flails
 10746 | D:9      | Found a staircase to the Lair.
 11153 | D:9      | Reached * piety under Hepliaklqana
 11197 | D:9      | Noticed Erica
 11210 | D:9      | Killed Erica
 11211 | D:9      | Reached skill level 10 in Fighting
 11304 | D:9      | Reached skill level 10 in Armour
 11304 | D:9      | Reached skill level 10 in Shields
 11477 | D:9      | Reached XP level 11. HP: 88/89 MP: 10/10
 11802 | D:8      | Gained mutation: You are somewhat resistant to further
                  | mutation. [potion of mutation]
 11802 | D:8      | Gained mutation: You occasionally lose the ability to drink
                  | potions when taking damage. [potion of mutation]
 12169 | D:10     | Entered Level 10 of the Dungeon
 12606 | D:9      | Identified a scroll of acquirement
 12606 | D:9      | Acquired the +6 buckler of Poraphykk {rElec rF+ Regen+
                  | Str-5 Dex+4}
 12800 | D:10     | Noticed a two-headed ogre
 12922 | D:10     | Found a portal to a secret trove of treasure.
 13091 | D:10     | Noticed Nergalle
 13105 | D:10     | Killed Nergalle
 13106 | D:10     | Reached skill level 5 in Maces & Flails
 13180 | D:10     | Killed a two-headed ogre
 13520 | D:11     | Found a frozen archway.
 13526 | IceCv    | Entered an ice cave
 13996 | IceCv    | Reached ** piety under Hepliaklqana
 14089 | IceCv    | Noticed a bog body
 14089 | IceCv    | Noticed a bog body
 14099 | IceCv    | Killed a bog body
 14109 | IceCv    | Killed a bog body
 14110 | IceCv    | Reached skill level 10 in Dodging
 14122 | IceCv    | Reached XP level 12. HP: 99/99 MP: 11/11
 14161 | IceCv    | Found the +4 skin of Zhor {*Englaciate rC+++ SInv}
 14669 | D:11     | Remembered your ancestor Romanian Police as a hexer
 15602 | D:13     | You fall into a shaft and drop 2 floors!
 15602 | D:15     | Entered Level 15 of the Dungeon
 15602 | D:15     | Found Dobrynya's Dragon-Slaying Spoils.
 15611 | D:15     | Noticed a centaur warrior
 15625 | D:15     | Killed a centaur warrior
 15691 | D:14     | Found a broken altar of Ashenzari.
 15695 | D:14     | Noticed a centaur warrior
 15695 | D:14     | Noticed a boulder beetle
 15718 | D:14     | Killed a centaur warrior
 15769 | D:13     | Noticed a tengu warrior
 15781 | D:13     | Killed a tengu warrior
 15799 | D:13     | Noticed a tengu warrior
 15799 | D:13     | Noticed a tengu warrior
 15830 | D:13     | Killed a tengu warrior
 15837 | D:13     | Killed a tengu warrior
 15932 | D:13     | Reached *** piety under Hepliaklqana
 15992 | D:13     | Noticed a two-headed ogre
 15994 | D:13     | Noticed an ogre mage
 16022 | D:13     | Killed a two-headed ogre
 16032 | D:13     | Paralysed by an ogre mage for 3 turns
 16045 | D:13     | Killed an ogre mage
 16177 | D:13     | Noticed a boulder beetle
 16204 | D:13     | Killed a boulder beetle
 16222 | D:13     | Found Seybaz's Magic Scroll Boutique.
 16230 | D:13     | Bought a scroll of teleportation for 36 gold pieces
 16417 | D:12     | Found a staircase to the Orcish Mines.
 16422 | D:12     | Noticed a death knight
 16427 | D:12     | Noticed a boulder beetle
 16443 | D:12     | Killed a death knight
 16474 | D:12     | Reached XP level 13. HP: 99/109 MP: 12/12
 17013 | D:12     | Reached **** piety under Hepliaklqana
 17275 | D:13     | Noticed Azrael
 17293 | D:13     | Killed Azrael
 17433 | Orc:1    | Entered Level 1 of the Orcish Mines
 17439 | Orc:1    | Reached skill level 10 in Maces & Flails
 17622 | Orc:1    | Noticed an orc warlord
 17647 | Orc:1    | Noticed an orc warlord
 17649 | Orc:1    | Killed an orc warlord
 18065 | Orc:1    | Killed an orc warlord
 18202 | Orc:1    | Identified the +3 buckler of Forking Paths {rC+}
 18237 | Orc:1    | Got the Monograph on Blows and Bruises
 18263 | Orc:1    | Identified the +4 falchion of the Demagogue {drain, Fragile
                  | Will+ Int+7}
 18313 | Orc:2    | Entered Level 2 of the Orcish Mines
 18326 | Orc:2    | Noticed an ettin
 18346 | Orc:2    | Killed an ettin
 18501 | Orc:2    | Noticed an ettin
 18517 | Orc:2    | Killed an ettin
 18568 | Orc:2    | Noticed Rupert
 18568 | Orc:2    | Found Jootaq's Magic Scroll Shoppe.
 18568 | Orc:2    | Found Ygimolao's Armour Shop.
 18707 | Orc:1    | HP: 4/111 [Rupert/+0 battleaxe of flaming (2)]
 18707 | Orc:1    | Killed from afar by an ogre mage

Illustrated notes

Levels and vault maps discovered:
D:1:      dpeg_arrival_shelter, layout_basic,
          shapermc_ecumenical_altar_starsandcircs, minmay_misc_feat_more_columns
D:2:      layout_basic, basic_altar, small_statue_intersection,
          minmay_misc_feat_pillars, hangedman_decor_diamond_cutter,
          grunt_ministairs_2, minmay_divided_ellipse
D:3:      layout_rooms
D:4:      layout_rooms, serial_bayou_pond_a, minivault_14, kennysheep_diamond,
          uniq_menkaure
D:5:      kennysheep_big_flooded_room, layout_loops_ring, old_standard_altar,
          minmay_temple_entry_fiery, uniq_sigmund, uniq_duvessa
D:6:      layout_gridville, hex_large, chequers_serial_rivers_micro_d
D:7:      layout_loops_corners, gammafunk_ghost_grave, uniq_joseph
D:8:      layout_basic, nicolae_overflow_two_pavilions, uniq_maurice,
          uniq_psyche, uniq_amaemon
D:9:      layout_irregular_city, erik_lair_dragon, uniq_erica
D:10:     layout_basic, enter_trove_1, bh_circular_ruins, uniq_nergalle
D:11:     layout_gridville, portal_ice_cave_entry_pillars_2,
          grunt_decor_mini_mirrors
D:12:     erik_rubicon_a, layout_basic, orc_0_dummy, gauntlet_entry_generic,
          grunt_tough_drop
D:13:     layout_basic, hangedman_vaults_entry_quadrant_bands, serial_shops,
          shop, uniq_urug, uniq_azrael
D:14:     layout_layer_cave, cheibrodos_ashenzari_chains, serial_bayou_lake_a
D:15:     grunt_enter_depths_snipers, layout_rooms, cheibriados_altar_1,
          nicolae_shop_dragon_depot, abandoned_shop, tso_metal_star
Temple:   compressed_dpeg_triangle_lava_temple
Orc:1:    layout_caves, minmay_orc_treasury
Orc:2:    st_orc_ogre_mass, layout_caves, uniq_rupert

Skill      XL: |  1  2  3  4  5  6  7  8  9 10 11 12 13 |
---------------+----------------------------------------+-----
Armour         | 4 5 6 7 8 10 11 13 14 | 14.2
Shields        | 4 5 6 7 8 10 | 10.0
Polearms       | 3 |  3.0
Fighting       | 4 5 6 7 8 10 11 13 14 | 14.2
Dodging        | 1 2 3 4 5 7 8 10 11 12 | 12.5
Short Blades   | 2 4 5 6 |  6.5
Maces & Flails | 3 7 9 11 | 11.0

Action                   |  1- 3 |  4- 6 |  7- 9 | 10-12 | 13-15 || total
-------------------------+-------+-------+-------+-------+-------++-------
Melee: Short sword       |    97 |   143 |   372 |   328 |       ||   940
       Trident           |     5 |       |       |       |       ||     5
       Headbutt          |     9 |    32 |    62 |   220 |    99 ||   422
       Demon whip        |       |       |       |   451 |   341 ||   792
 Fire: Sling             |       |     7 |       |       |       ||     7
Invok: Recall Ancestor   |       |       |       |     5 |     3 ||     8
       Ancestor Identity |       |       |       |     1 |       ||     1
       Ancestor Life: He |       |       |       |     1 |       ||     1
Evoke: Wand              |       |       |       |     2 |       ||     2
  Use: Potion            |     1 |       |       |     8 |       ||     9
       Scroll            |       |       |     1 |    18 |     1 ||    20
 Stab: Distracted        |       |       |       |     3 |     4 ||     7
       Confused          |       |       |       |     2 |     4 ||     6
Armor: Scale mail        |    56 |     3 |   111 |   134 |       ||   304
       Leather armour    |       |    65 |    17 |       |       ||    82
       Crystal plate arm |       |       |       |   261 |   161 ||   422
Dodge: Dodged            |    37 |    86 |   170 |   240 |    80 ||   613
Block: Buckler           |    27 |    34 |    96 |   389 |   204 ||   750
